 Dungeon Crawl Stone Soup version 0.22-a0-596-gfbd32a6 (webtiles) character file.

44 Amnesiac the Magician (level 3, -2/22 HPs)
             Began as a Deep Elf Wizard on July 5, 2018.
             Slain by a worm (4 damage)
             ... on level 2 of the Dungeon.
             The game lasted 00:01:54 (1439 turns).

Amnesiac the Magician (Deep Elf Wizard)             Turns: 1439, Time: 00:01:55

Health: -2/22      AC:  2    Str:  4    XL:     3   Next: 39%
Magic:  5/11       EV: 13    Int: 23    God:
Gold:   47         SH:  0    Dex: 13    Spells: 0/11 levels left

rFire    . . .     SeeInvis .   (no weapon)
rCold    . . .     Gourm    .   (no shield)
rNeg     . . .     Faith    .   a - +0 robe
rPois    .         Spirit   .   b - +0 hat
rElec    .         Reflect  .   (no cloak)
rCorr    .         Harm     .   (no gloves)
MR       .....                  (no boots)
Stlth    ++........             (no amulet)
HPRegen  0.07/turn              (no ring)
MPRegen  0.12/turn              (no ring)

@: very slightly contaminated
A: no striking features
a: no special abilities


You were on level 2 of the Dungeon.
You were not hungry.

You visited 1 branch of the dungeon, and saw 2 of its levels.

You collected 47 gold pieces.

Inventory:

Armour
 a - a +0 robe (worn)
 b - a +0 hat (worn)
Scrolls
 c - a scroll of identify {!r, unknown}
 e - a scroll of remove curse {!r, unknown}
 g - a scroll of magic mapping {!r, unknown}
 i - a scroll of enchant armour {!r, unknown}
Potions
 f - 2 potions of lignification {!q, unknown}
Comestibles
 d - 2 rations
 h - 2 chunks of flesh


   Skills:
 * Level 2.4 Fighting
 + Level 2.4 Dodging
 - Level 2.4 Stealth
 - Level 4.5 Spellcasting
 + Level 1.1 Conjurations
 - Level 1.1 Summonings
 - Level 1.1 Translocations


You couldn't memorise any spells.
You knew the following spells:

 Your Spells              Type           Power        Failure   Level  Hunger
a - Magic Dart            Conj           ##..         6%          1    None
b - Call Imp              Summ           ##......     10%         2    None
e - Mephitic Cloud        Conj/Pois/Air  #.......     26%         3    ##.....
s - Conjure Flame         Conj/Fire      #.......     24%         3    ##.....
v - Blink                 Tloc           N/A          10%         2    None

Your spell library contained the following spells:

 Spells                   Type           Power        Failure   Level  Hunger
 Slow                     Hex            #.......     16%         2    None


Dungeon Overview and Level Annotations

Branches:
Dungeon (2/15)

Altars:
Hepliaklqana


Message History

Some of the chunks of flesh in your inventory have rotted away.
Magic restored.
Found a stone staircase leading down.
Casting: Magic Dart (safe; 6% risk of failure)
Confirm with . or Enter, or press ? or * to list all spells.
You can't see any susceptible monsters within range! (Use Z to cast anyway.) HP restored.
You open the door.
Found a leather armour.
There is an open door here.
Casting: Magic Dart (safe; 6% risk of failure)
Confirm with . or Enter, or press ? or * to list all spells.
You can't see any susceptible monsters within range! (Use Z to cast anyway.)
A worm comes into view.
Casting: Magic Dart (safe; 6% risk of failure)
Confirm with . or Enter, or press ? or * to list all spells.
Aiming: Magic Dart (safe; 6% risk of failure)
Press: ? - help, Shift-Dir - straight line, f - worm
Aim: a worm (resting)
The magic dart hits the worm.
The worm is lightly wounded.
A worm is nearby!
Casting: Magic Dart (safe; 6% risk of failure)
Confirm with . or Enter, or press ? or * to list all spells.
Aiming: Magic Dart (safe; 6% risk of failure)
Press: ? - help, Shift-Dir - straight line, f/p - worm
Aim: a worm (lightly wounded)
The magic dart hits the worm.
The worm is moderately wounded.
The worm bites you!
A worm is nearby!
Casting: Magic Dart (safe; 6% risk of failure)
Confirm with . or Enter, or press ? or * to list all spells.
Aiming: Magic Dart (safe; 6% risk of failure)
Press: ? - help, Shift-Dir - straight line, f/p - worm
Aim: a worm (moderately wounded)
The magic dart hits the worm.
The worm is heavily wounded.
Casting: Magic Dart (safe; 6% risk of failure)
Confirm with . or Enter, or press ? or * to list all spells.
Aiming: Magic Dart (safe; 6% risk of failure)
Press: ? - help, Shift-Dir - straight line, f/p - worm
Aim: a worm (heavily wounded)
The magic dart hits the worm.
The worm is almost dead.
The worm bites you!
* * * LOW HITPOINT WARNING * * *
Casting: Magic Dart (safe; 6% risk of failure)
Confirm with . or Enter, or press ? or * to list all spells.
Aiming: Magic Dart (safe; 6% risk of failure)
Press: ? - help, Shift-Dir - straight line, f/p - worm
Aim: a worm (almost dead)
You miscast Magic Dart.
You are very lightly contaminated with residual magic.
Your skin glows momentarily.
Casting: Magic Dart (safe; 6% risk of failure)
Confirm with . or Enter, or press ? or * to list all spells.
Aiming: Magic Dart (safe; 6% risk of failure)
Press: ? - help, Shift-Dir - straight line, f/p - worm
Aim: a worm (almost dead)
The magic dart hits the worm.
The worm is almost dead.
The worm bites you.
You die...

#............#.#...#.##.#
#.....######.#.#......#.#
#.....# #.#.###.#..#..
###'#.# #.#.# #.......
#...#.# #.... ........
#...#.# ## ##......
#...#.. .# . ..#..#.#
#...#####.##...# .....#.#
#.......@......# .....#.#
#......##w###..# .#.. #.#
#.[....# ... # #......#
#### #......# #......#
#......# #......#


You could see a worm.

Vanquished Creatures
  An adder (D:2)
  A leopard gecko (D:2)
  A ball python (D:1)
  4 bats
  A giant cockroach (D:1)
  4 goblins (D:1)
  5 hobgoblins
  3 jackals (D:2)
  5 kobolds
  6 rats
31 creatures vanquished.

Notes
Turn   | Place    | Note
-------+----------+-------------------------------------------
     0 | D:1      | Amnesiac the Deep Elf Wizard began the quest for the Orb.
     0 | D:1      | Reached XP level 1. HP: 10/10 MP: 7/7
    82 | D:1      | Reached skill level 1 in Fighting
   181 | D:1      | Reached XP level 2. HP: 16/16 MP: 5/9
   276 | D:2      | Found a hazy altar of Hepliaklqana.
   288 | D:1      | Learned a level 2 spell: Blink
   291 | D:1      | Learned a level 2 spell: Call Imp
   983 | D:2      | Reached XP level 3. HP: 21/21 MP: 2/11
  1014 | D:2      | Learned a level 3 spell: Conjure Flame
  1018 | D:2      | Learned a level 3 spell: Mephitic Cloud
  1439 | D:2      | Slain by a worm

Vault maps used:
D:1:      lightli_arrival_statue_moat
D:2:      lemuel_doored_altar, first_ration, st_stairs_5, uniq_terence

Skill      XL: |  1  2 |
---------------+-------+-----
Fighting       | 1 2 |  2.4
Dodging        | |  2.4
Stealth        | |  2.4
Spellcasting   | |  4.5
Conjurations   | |  1.1
Summonings     | |  1.1
Translocations | |  1.1

Action                   || total
-------------------------++-------
Melee: Unarmed           ||    12
 Cast: Magic Dart        ||    87
  Eat: Chunk             ||     1
Armor: Robe              ||     5
Dodge: Dodged            ||    26

Table legend:
 A = Spawn XP
 B = Non-spawn XP
 C = Spawn XP percentage of total XP
 D = Spawn monster count
 E = Non-spawn monster count
 F = Spawn count percentage of total count
 G = Total turns spent on level
                    A         B        C        D         E        F      G
               +---------+---------+-------+---------+---------+-------+---------
         Total |       0 |      63 |   0.0 |       0 |      31 |   0.0 |  1439
               +---------+---------+-------+---------+---------+-------+---------
           D:1 |       0 |      35 |   0.0 |       0 |      21 |   0.0 |   947
           D:2 |       0 |      28 |   0.0 |       0 |      10 |   0.0 |   492
               +---------+---------+-------+---------+---------+-------+---------
